 Dungeon Crawl Stone Soup version 0.20.1-1-g8b1a95d (webtiles) character file.

261 slep the Ducker (level 5, -3/38 HPs)
             Began as a Demonspawn Wanderer on Oct 22, 2017.
             Slain by an ogre
             ... wielding a +0 giant club
              (22 damage)
             ... on level 4 of the Dungeon.
             The game lasted 00:20:08 (3818 turns).

slep the Ducker (Demonspawn Wanderer)               Turns: 3818, Time: 00:20:08

Health: -3/38      AC:  5    Str: 15    XL:     5   Next: 96%
Magic:  5/5        EV: 12    Int: 11    God:
Gold:   176        SH:  4    Dex: 13    Spells: 4/4 levels left

rFire    . . .     SeeInvis .   u - +0 falchion
rCold    . . .     Gourm    .   d - +0 buckler
rNeg     . . .     Faith    .   i - +0 leather armour
rPois    +         Spirit   .   (no helmet)
rElec    .         Reflect  .   (no cloak)
rCorr    .         Harm     .   (no gloves)
MR       .....                  (no boots)
Stlth    ++........             (no amulet)
Regen    0.2/turn               v - ring of poison resistance
MPRegen  0.1/turn               (no ring)

@: no status effects
A: talons 1, iridescent scales 1, dopey 1, strong 1
a: no special abilities


You were on level 4 of the Dungeon.
You were not hungry.

You visited 1 branch of the dungeon, and saw 4 of its levels.

You collected 176 gold pieces.

Inventory:

Hand Weapons
 a - a +2 dagger
 m - a +0 spear
 u - a +0 falchion (weapon)
Armour
 d - a +0 buckler (worn)
 e - a +0 robe
 i - a +0 leather armour (worn)
Jewellery
 v - a ring of poison resistance (left hand)
Scrolls
 b - 2 scrolls of blinking
 g - 2 scrolls of random uselessness {unknown}
 j - a scroll of recharging {unknown}
 n - 2 scrolls of immolation {unknown}
 p - a scroll of identify {unknown}
 q - 2 scrolls of remove curse {unknown}
 r - 2 scrolls of fear {unknown}
 x - a scroll of teleportation {unknown}
 y - a scroll of fog {unknown}
Potions
 h - 3 potions of curing
 s - a potion of resistance {unknown}
 t - a potion of ambrosia {unknown}
 w - 2 potions of degeneration {unknown}
 z - a potion of agility {unknown}
 A - a potion of cancellation
Books
 c - the Collected Works on the Escort

   Spells                             Type                      Level
   a - Summon Butterflies             Summoning                    1
   b - Summon Guardian Golem          Hexes/Summoning              3
Comestibles
 f - 4 bread rations
 k - a fruit
 l - 3 royal jellies
 o - 2 meat rations


   Skills:
 + Level 1.9 Fighting
 + Level 2.3(2.4) Short Blades
 + Level 0.6(1.6) Long Blades
 + Level 1.6 Armour
 + Level 3.0 Dodging
 + Level 2.5 Stealth
 + Level 2.1 Shields
 + Level 1.2 Unarmed Combat
   Level 1.0 Earth Magic
   Level 2.0 Poison Magic


You had 4 spell levels left.
You didn't know any spells.

Dungeon Overview and Level Annotations

Branches:
Dungeon (4/15)
 Temple: D:4-7

Altars:
Makhleb


Innate Abilities, Weirdness & Mutations

You have sharp toenails.
You are partially covered in iridescent scales. (AC +2)
You are dopey. (Int -2)
Your muscles are strong. (Str +2)


Message History

The orc hits you but does no damage.
You hit the orc.
You kill the orc!
You see here a whip.
Eating a chunk of flesh.
You eat the chunk of flesh.
This raw flesh tastes terrible.
An ogre comes into view. It is wielding a giant club.
The ogre shouts!
You hit the ogre.
The ogre is lightly wounded.
The ogre closely misses you.
You hit the ogre but do no damage. You claw the ogre, but do no damage.
The ogre is lightly wounded.
The ogre hits you with a giant club!!
Ouch! That really hurt!
You closely miss the ogre. You claw the ogre.
The ogre is moderately wounded.
The ogre hits you with a giant club!!
Ouch! That really hurt!
You die...

#.##......#.......#
#........
#.......#(#.......#
####.....
#######...........#
#... ###.#.......#
## #.#.......###
#.###.......# #.#
#.#####.# #.# #.#
.# #.# #@# #.# #O#
... ##... ####. ##


You could see an ogre.

Vanquished Creatures
  2 orc priests (D:3)
  4 gnolls (D:3)
  5 adders (D:2)
  2 oozes
  3 dart slugs (D:1)
  A leopard gecko (D:2)
  12 orcs
  6 bats
  3 giant cockroaches
  9 goblins
  8 hobgoblins
  11 jackals
  3 quokkas
  A ball python (D:3)
  3 frilled lizards
  8 kobolds
  8 rats
89 creatures vanquished.

Notes
Turn   | Place    | Note
-------+----------+-------------------------------------------
     0 | D:1      | slep the Demonspawn Wanderer began the quest for the Orb.
     0 | D:1      | slep set off with: a +2 dagger, a scroll of blinking, the Collected Works on the Escort, a +0 buckler, a +0 robe, a bread ration
     0 | D:1      | Reached XP level 1. HP: 15/15 MP: 1/1
    16 | D:1      | Identified the Collected Works on the Escort
    69 | D:1      | Reached skill level 2 in Dodging
   204 | D:1      | Gained mutation: You are partially covered in iridescent scales. (AC +2) [demonic ancestry]
   204 | D:1      | Reached XP level 2. HP: 21/21 MP: 2/2
  1056 | D:2      | Reached XP level 3. HP: 17/26 MP: 3/3
  1255 | D:2      | Reached skill level 1 in Short Blades
  1265 | D:2      | HP: 1/26 [adder (4)]
  1646 | D:2      | Gained mutation: You have sharp toenails. [demonic ancestry]
  1646 | D:2      | Reached XP level 4. HP: 29/32 MP: 4/4
  1707 | D:2      | Found a burning altar of Makhleb.
  2072 | D:2      | Reached skill level 1 in Armour
  2669 | D:3      | Reached XP level 5. HP: 24/37 MP: 5/5
  3120 | D:3      | Gained mutation: Your flesh is heat resistant. (rF+) [potion of mutation]
  3120 | D:3      | Gained mutation: You can translocate small distances at will. [potion of mutation]
  3121 | D:3      | Lost mutation: You can translocate small distances at will. [potion of mutation]
  3121 | D:3      | Lost mutation: Your flesh is heat resistant. (rF+) [potion of mutation]
  3121 | D:3      | Gained mutation: You are dopey. (Int -2) [potion of mutation]
  3121 | D:3      | Gained mutation: Your muscles are strong. (Str +2) [potion of mutation]
  3220 | D:3      | HP: 1/38 [orc/morningstar (3)]
  3319 | D:3      | Reached skill level 3 in Dodging
  3814 | D:4      | Noticed an ogre
  3818 | D:4      | Slain by an ogre

Skill      XL: |  1  2  3  4  5 |
---------------+----------------+-----
Dodging        | 2 3 |  3.0
Stealth        | 2 |  2.5
Short Blades   | 1 2 |  2.3
Armour         | 1 |  1.6
Shields        | 2 |  2.1
Fighting       | |  1.9
Long Blades    | |  0.6
Unarmed Combat | |  1.2
Earth Magic    | |  1.0
Poison Magic   | |  2.0

Action                   |  1- 3 |  4- 6 || total
-------------------------+-------+-------++-------
Melee: Dagger            |   132 |   177 ||   309
       Kick              |       |    60 ||    60
       Falchion          |       |    47 ||    47
  Use: Potion            |     5 |     2 ||     7
 Stab: Sleeping          |     2 |     4 ||     6
  Eat: Chunk             |     2 |     8 ||    10
Armor: Leather armour    |    33 |    52 ||    85
Dodge: Dodged            |    62 |   105 ||   167
Block: Buckler           |    20 |    35 ||    55
       Rpst.: Falchion   |       |     7 ||     7
